 Dungeon Crawl Stone Soup version 0.32-a0-612-g1c984fe9d1 (webtiles) character file.

Game seed: 9550766966824425019

191 CougarLife the Digger (level 5, -6/28 HPs)
             Began as a Gargoyle Earth Elementalist on Mar 5, 2024.
             Shot with an arrow by a centaur (14 damage)
             ... on level 3 of the Dungeon.
             The game lasted 00:02:40 (2482 turns).

CougarLife the Digger (Gargoyle Earth Elementalist) Turns: 2482, Time: 00:02:40

Health: -6/28      AC:  6    Str: 12    XL:     5   Next: 70%
Magic:  5/19       EV: 11    Int: 17    God:
Gold:   103        SH:  0    Dex: 10    Spells: 6/10 levels left

rFire   . . .        q - +4 dagger
rCold   . . .        (no shield)
rNeg    + . .        a - +0 robe
rPois   ∞            (no helmet)
rElec   +            (no cloak)
rCorr   .            (no gloves)
SInv    .            (no boots)
Will    .....        (no amulet)
Stlth   ++           k - ring of magical power
HPRegen 0.24/turn    (no ring)
MPRegen 0.16/turn

%: no passive effects
@: very slightly contaminated
A: sickness immunity, AC +4, negative energy resistance 1, electricity
resistance, torment resistance 1, petrification resistance
a: no special abilities


You were on level 3 of the Dungeon.
You visited 1 branch of the dungeon, and saw 3 of its levels.

You collected 103 gold pieces.

Inventory:

Hand Weapons
 q - a +4 dagger (weapon)
Armour
 a - a +0 robe (worn)
Jewellery
 k - a ring of magical power (left hand)
Wands
 r - a wand of iceblast (11)
Scrolls
 d - a scroll of enchant weapon {unknown}
 e - a scroll of acquirement {unknown}
 f - a scroll of vulnerability {unknown}
 h - a scroll of teleportation {unknown}
 i - 3 scrolls of identify {unknown}
 j - a scroll of immolation {unknown}
 l - a scroll of revelation {unknown}
 p - a scroll of brand weapon {unknown}
Potions
 b - a potion of magic
 c - 3 potions of enlightenment {unknown}
 g - a potion of might {unknown}
 m - a potion of mutation {unknown}
 n - 2 potions of curing {unknown}
 o - a potion of degeneration {unknown}


   Skills:
 - Level 1.5 Dodging
 - Level 2.1 Stealth
 + Level 3.4 Spellcasting
 + Level 3.4 Conjurations
 + Level 5.1 Earth Magic


You had 6 spell levels left.
You knew the following spells:

 Your Spells              Type           Power      Damage    Failure   Level
a - Sandblast             Erth           40%        2d10      1%          1
b - Stone Arrow           Conj/Erth      34%        3d9       9%          3

Your spell library contained the following spells:

 Spells                   Type           Power      Damage    Failure   Level
 Passwall                 Erth           20%        N/A       6%          3
 Call Imp                 Summ           4%         N/A       26%         2
 Brom's Barrelling Bould  Conj/Erth      17%        2d4       28%         4
 Petrify                  Alch/Erth      11%        N/A       50%         4
 Summon Hydra             Summ           1%         N/A       100%        7
 Sublimation of Blood     Necr           Unusable   N/A       N/A         2

Dungeon Overview and Level Annotations

Branches:
Dungeon (3/15)

Altars:

Shops:
D:3 ([:(


Innate Abilities, Weirdness & Mutations

You are immune to sickness and miasma.
Your stone body is resilient. (AC +4)
You are immune to poison.
You resist negative energy. (rN+)
You are resistant to electric shocks. (rElec)
You are resistant to unholy torment.
You are immune to petrification.


Message History

Aim: a centaur, wielding a +0 orcbow (lightly wounded, 81% to hit)
The stone arrow misses the centaur.
The centaur shoots an arrow.
The arrow hits you.
Casting: Stone Arrow (quite dangerous; 9% risk of failure)
Confirm with . or Enter, or press ? or * to list all spells.
Aiming: Stone Arrow (quite dangerous; 9% risk of failure)
Press: ? - help, Shift-Dir - straight line, f/p - centaur
Aim: a centaur, wielding a +0 orcbow (lightly wounded, 81% to hit)
The stone arrow hits the centaur!
The centaur is severely wounded.
The centaur shoots an arrow.
The arrow hits you!
Casting: Stone Arrow (quite dangerous; 9% risk of failure)
Confirm with . or Enter, or press ? or * to list all spells.
Aiming: Stone Arrow (quite dangerous; 9% risk of failure)
Press: ? - help, Shift-Dir - straight line, f/p - centaur
Aim: a centaur, wielding a +0 orcbow (severely wounded, 81% to hit)
You miscast Stone Arrow.
You are very lightly contaminated with residual magic.
Nothing appears to happen.
Casting: Stone Arrow (quite dangerous; 9% risk of failure)
Confirm with . or Enter, or press ? or * to list all spells.
Aiming: Stone Arrow (quite dangerous; 9% risk of failure)
Press: ? - help, Shift-Dir - straight line, f/p - centaur
Aim: a centaur, wielding a +0 orcbow (severely wounded, 81% to hit)
You miscast Stone Arrow.
Nothing appears to happen.
The centaur shoots an arrow.
The arrow barely misses you.
The centaur shoots an arrow.
The arrow barely misses you.
Casting: Stone Arrow (quite dangerous; 9% risk of failure)
Confirm with . or Enter, or press ? or * to list all spells.
Aiming: Stone Arrow (quite dangerous; 9% risk of failure)
Press: ? - help, Shift-Dir - straight line, f/p - centaur
Aim: a centaur, wielding a +0 orcbow (severely wounded, 81% to hit)
The stone arrow misses the centaur.
The centaur enters a dispersal trap!
You blink.
The centaur blinks!
The centaur shoots an arrow.
The arrow closely misses you.
The centaur shoots an arrow.
The arrow hits you.
* * * LOW HITPOINT WARNING * * *
The centaur shoots an arrow.
The arrow hits you!
Ouch! That really hurt!
You die...

##### ########
#...# #......# #@#
### #......# #.#
####.. #....... #.#
####..##.
#......#######.###
#.##..##.
#.....!#....#....#
#.##.....
#####..^#..#.#c...#
#...∩....
#.................#
#....##..
#......c##.#......#
###..##..
+.......+..#......#
###......


You could see a centaur.

Vanquished Creatures
  An ogre (D:3)
  A bombardier beetle (D:3)
  An adder (D:2)
  A dart slug (D:1)
  A ribbon worm (D:2)
  An orc (D:3)
  4 bats
  7 endoplasms
  5 giant cockroaches
  3 goblins
  7 hobgoblins
  4 jackals (D:3)
  3 kobolds
  2 quokkas
  6 ball pythons
  4 frilled lizards
  7 rats
58 creatures vanquished.

Notes
Turn   | Place    | Note
-------+----------+-------------------------------------------
     0 | D:1      | CougarLife the Gargoyle Earth Elementalist began the quest
                  | for the Orb.
     0 | D:1      | Reached XP level 1. HP: 10/10 MP: 3/3
   434 | D:1      | Reached XP level 2. HP: 15/15 MP: 3/5
   757 | D:1      | Reached skill level 4 in Earth Magic
  1213 | D:2      | Reached XP level 3. HP: 19/19 MP: 6/6
  1460 | D:3      | Noticed an ogre
  1544 | D:1      | Learned a level 3 spell: Stone Arrow
  1897 | D:3      | Killed an ogre
  1898 | D:3      | Reached XP level 4. HP: 24/24 MP: 8/8
  1898 | D:3      | Reached XP level 5. HP: 28/28 MP: 9/9
  1947 | D:3      | Found Anacw's Antique Armour Shoppe.
  1952 | D:3      | Found Udaseit's Antique Weapon Shop.
  2105 | D:3      | Reached skill level 5 in Earth Magic
  2168 | D:3      | Found Cedaph's Book Shop.
  2297 | D:3      | Found Icvuplun's Weapon Boutique.
  2467 | D:3      | Noticed a centaur
  2482 | D:3      | Shot with an arrow by a centaur

Illustrated notes

Levels and vault maps discovered:
D:1:      minmay_arrival_doors, layout_loops_corners
D:2:      layout_basic
D:3:      layout_basic, serial_shops, shop, nicolae_shop_pleasant_corner_grove,
          shop, nicolae_lakefront_shop, nicolae_square_shop,
          minmay_quadrilaterals

Skill      XL: |  1  2  3  4  5 |
---------------+----------------+-----
Earth Magic    | 4 5 |  5.1
Conjurations   | 2 3 |  3.4
Spellcasting   | 3 |  3.4
Dodging        | |  1.5
Stealth        | |  2.1

Action                     |  1- 3 |  4- 6 || total
---------------------------+-------+-------++-------
  Melee: Unarmed           |     2 |       ||     2
         Dagger            |     1 |       ||     1
   Cast: Sandblast         |    66 |    27 ||    93
         Stone Arrow       |     4 |     4 ||     8
 Armour: Robe              |    22 |    40 ||    62
  Dodge: Dodged            |    33 |    27 ||    60

Table legend: (Time is in decaauts)
 A = Elapsed time spent in this place.
 B = Non-inter-level travel time spent in this place.
 C = Inter-level travel time spent in this place.
 D = Time resting spent in this place.
 E = Time spent auto-exploring this place.
 F = Levels seen in this place.
 G = Mean time per level.
                   A        B        C        D        E       F      G
               +--------+--------+--------+--------+--------+-----+--------+
         Total |   2528 |   2404 |    124 |     63 |   1945 |   3 |  842.7 |
       Dungeon |   2528 |   2404 |    124 |     63 |   1945 |   3 |  842.7 |
               +--------+--------+--------+--------+--------+-----+--------+

Top non-repeatable levels by time:
     D:1: 1178 daAuts
     D:2: 748 daAuts
     D:3: 602 daAuts
